 Dungeon Crawl Stone Soup version 0.27-a0-1525-g1038ab4fd7 (webtiles) character file.

Game seed: 1053816440047490482

128 apoch the Skirmisher (level 4, 0/41 HPs)
             Began as a Minotaur Fighter on July 10, 2021.
             Was a Plaything of Xom.
             Slain by an orc wizard (1 damage)
             ... on level 3 of the Dungeon.
             The game lasted 00:04:50 (2451 turns).

apoch the Skirmisher (Minotaur Fighter)             Turns: 2451, Time: 00:04:51

Health: 0/41       AC:  4    Str: 21    XL:     4   Next: 87%
Magic:  3/3        EV:  7    Int:  5    God:    Xom [.....*]
Gold:   114        SH:  9    Dex: 10    Spells: 3/3 levels left

rFire    . . .     SeeInvis .   a - +0 long sword
rCold    + . .     Faith    .   c - +0 kite shield
rNeg     . . .     Spirit   .   b - +0 scale mail
rPois    .         Reflect  .   (helmet restricted)
rElec    .         Harm     .   (no cloak)
rCorr    .         Rampage  .   (no gloves)
Will     .....     Clarity  +   (no boots)
Stlth    ..........             (no amulet)
HPRegen  0.13/turn              n - ring of protection from cold
MPRegen  0.08/turn              (no ring)

@: no status effects
A: horns 2, retaliatory headbutt, clarity, deformed body
a: Renounce Religion


You were on level 3 of the Dungeon.
You worshipped Xom.
You were Xom's teddy bear.
You visited 1 branch of the dungeon, and saw 3 of its levels.

You collected 114 gold pieces.

Inventory:

Hand Weapons
 a - a +0 long sword (weapon)
Missiles
 l - 42 stones (quivered)
 s - 6 javelins
Armour
 b - a +0 scale mail (worn)
 c - a +0 kite shield (worn)
Jewellery
 n - a ring of protection from cold (left hand)
 p - a ring of flight
Wands
 q - a wand of flame (28)
Scrolls
 e - a scroll of fog {unknown}
 f - 3 scrolls of identify {unknown}
 g - 4 scrolls of enchant weapon {unknown}
 h - a scroll of brand weapon {unknown}
 i - 2 scrolls of acquirement {unknown}
 j - 2 scrolls of immolation {unknown}
 k - 2 scrolls of blinking {unknown}
 m - a scroll of fear {unknown}
 r - a scroll of enchant armour {unknown}
 t - a scroll of noise {unknown}
Potions
 d - a potion of might
 o - a potion of heal wounds {unknown}


   Skills:
 + Level 4.9 Fighting
 + Level 4.1 Long Blades
 + Level 4.9 Armour
 - Level 3.6 Shields


You had 3 spell levels left.
You didn't know any spells.
Your spell library was empty.

Dungeon Overview and Level Annotations

Branches:
Dungeon (3/15)

Altars:
Gozag
Xom


Innate Abilities, Weirdness & Mutations

You have a pair of horns on your head.
You reflexively headbutt those who attack you in melee.
You possess an exceptional clarity of mind.
Armour fits poorly on your strangely shaped body.


Message History

You hear some strange, mumbled words.
A puff of flame appears from out of thin air!
The puff of flame hits you.
The orc wizard hits you with a +0 dagger.
You hit the orc wizard.
The orc wizard is almost dead.
Something hits you. The orc wizard casts a spell at you.
The magic dart hits you.
You emit a cloud of colourful smoke!
Something hits you.
You hit the orc wizard but do no damage.
Your headbutt misses the orc wizard.
The orc wizard is almost dead.
The orc wizard hits you with a +0 dagger.
Something hits you.
* * * LOW HITPOINT WARNING * * *
Unknown command.
Your shield prevents you from hitting the orc wizard.
The orc wizard is almost dead.
The orc wizard casts a spell at you. You block the puff of flame.
You hear some strange, mumbled words.
Something tries to affect you, but you resist.
The orc wizard hits you with a +0 dagger.
* * * LOW HITPOINT WARNING * * *
You hear some strange, mumbled words.
A magic dart appears from out of thin air!
The magic dart hits you.
* * * LOW HITPOINT WARNING * * *
Unknown command.
You slash the orc wizard!
You kill the orc wizard!
Something hits you.
* * * LOW HITPOINT WARNING * * *
Your Long Blades skill increases to level 4!
Unknown command.
You closely miss something. Your headbutt misses something. Something hits you.
You die... "Huh?
Did I miss anything?"

#'#######...#.......##
................_.....
.....(.....# .......# ###
...........# 8...8. ....
...(.......# .... #....
....)......# ##.###.....
...........####..§§).....
...........##<'.{§§)..(..
...........####.@(§.)....
...........# #.....!....
...........# #..........
...........# #..........
...........# #..........
...........# #..........
...........# #..........
...........####†.........
#'##.....................


There were no monsters in sight!

Vanquished Creatures
  An orc wizard (D:3)
  3 adders
  2 worms (D:2)
  2 dart slugs
  3 orcs (D:3)
  7 endoplasms
  7 hobgoblins
  4 jackals (D:1)
  5 kobolds
  9 ball pythons
  8 bats
  6 frilled lizards
  3 goblins
  3 rats (D:1)
63 creatures vanquished.

Vanquished Creatures (others)
  An orc wizard (D:3)
  An adder (D:3)
  2 orcs (D:3)
4 creatures vanquished.

Grand Total: 67 creatures vanquished

Notes
Turn   | Place    | Note
-------+----------+-------------------------------------------
     0 | D:1      | apoch the Minotaur Fighter began the quest for the Orb.
     0 | D:1      | Reached XP level 1. HP: 19/19 MP: 0/0
   125 | D:1      | Reached XP level 2. HP: 22/27 MP: 1/1
   602 | D:1      | Reached XP level 3. HP: 33/33 MP: 2/2
  1649 | D:2      | Found a faded altar of an unknown god.
  1663 | D:2      | Became a worshipper of Xom of Chaos
  1841 | D:3      | Reached XP level 4. HP: 32/41 MP: 3/3
  1846 | D:3      | XOM: silly message
  1946 | D:3      | XOM: give mutations
  1946 | D:3      | Gained mutation: Armour fits poorly on your strangely
                  | shaped body. [Xom's mischief]
  1946 | D:3      | Gained mutation: You possess an exceptional clarity of
                  | mind. [Xom's mischief]
  1957 | D:3      | XOM: god gift: scroll labelled VIL JODULAELAYXUCW {god
                  | gift}
  1981 | D:3      | XOM: scenery: create altars
  2028 | D:3      | XOM: scenery: create altars
  2204 | D:3      | XOM: cloud trail
  2429 | D:3      | Found an opulent altar of Gozag.
  2432 | D:3      | XOM: destruction
  2446 | D:3      | XOM: smoke on damage
  2449 | D:3      | HP: 1/41 [something (3)]
  2451 | D:3      | Slain by an orc wizard

Illustrated notes

Levels and vault maps discovered:
D:1:      amcnicky_arrival_gap_in_the_tavern_cellar, layout_loops_ring,
          minmay_pentomino_w2
D:2:      layout_loops_ring, dilly_ecumenical_altar_fadedgnrine,
          minmay_misc_feat_alley
D:3:      layout_basic, grunt_gozag_statues

Skill      XL: |  1  2  3  4 |
---------------+-------------+-----
Fighting       | 4 |  4.9
Armour         | 4 |  4.9
Long Blades    | 3 4 |  4.1
Shields        | |  3.6

Action                   |  1- 3 |  4- 6 || total
-------------------------+-------+-------++-------
Melee: Long sword        |    94 |    47 ||   141
       Headbutt          |    12 |     8 ||    20
Throw: Stone             |    37 |    24 ||    61
Armor: Scale mail        |    40 |    20 ||    60
Dodge: Dodged            |    26 |    10 ||    36
Block: Kite shield       |    60 |    19 ||    79
       Rpst.: Long sword |     9 |     1 ||    10

Table legend: (Time is in decaauts)
 A = Elapsed time spent in this place.
 B = Non-inter-level travel time spent in this place.
 C = Inter-level travel time spent in this place.
 D = Time resting spent in this place.
 E = Time spent auto-exploring this place.
 F = Levels seen in this place.
 G = Mean time per level.
                   A        B        C        D        E       F      G
               +--------+--------+--------+--------+--------+-----+--------+
         Total |   2534 |   2469 |     65 |    448 |   1498 |   3 |  844.7 |
       Dungeon |   2534 |   2469 |     65 |    448 |   1498 |   3 |  844.7 |
               +--------+--------+--------+--------+--------+-----+--------+

Top non-repeatable levels by time:
     D:2: 899 daAuts
     D:1: 837 daAuts
     D:3: 797 daAuts
